 Dungeon Crawl Stone Soup version 0.18.1-8-gdd0e5ea (webtiles) character file.

91 mistymad the Ruffian (level 4, -3/38 HPs)
             Began as a Naga Transmuter on May 21, 2016.
             Slain by Crazy Yiuf
             ... wielding a +4 quarterstaff of chaos
              (9 damage)
             ... on level 2 of the Dungeon.
             The game lasted 00:07:15 (2831 turns).

mistymad the Ruffian (Naga Transmuter)              Turns: 2831, Time: 00:07:17

Health: -3/38      AC:  2    Str: 12    XL:     4   Next: 59%
Magic:  3/7        EV: 10    Int: 15    God:
Gold:   123        SH:  0    Dex: 11    Spells: 3 memorised, 1 level left

rFire  . . .     SeeInvis +       - Unarmed
rCold  . . .     Gourm    .     b - +0 robe
rNeg   . . .     Faith    .     (no shield)
rPois  +         Spirit   .     (no helmet)
rElec  .         Dismiss  .     (no cloak)
rCorr  .         Reflect  .     (no gloves)
SustAt .         Harm     .     (no barding)
MR     .....                    (no amulet)
Stlth  +.........               (no ring)
                                (no ring)

@: short of breath, appendage, very slightly contaminated, very slow, not
resistant to hostile enchantments, very unstealthy
A: horns 2, see invisible, deformed body, poison resistance, slowness 2, slow
metabolism 1, spit poison 2, AC +1
a: Spit Poison, End Transformation


You were on level 2 of the Dungeon.
You were not hungry.
You had grown temporary horns.
You visited 1 branch of the dungeon, and saw 2 of its levels.

You collected 123 gold pieces.

Inventory:

Missiles
 a - 43 arrows
Armour
 b - a +0 robe (worn)
Scrolls
 e - 2 scrolls of immolation {unknown}
 g - a scroll of remove curse {unknown}
 h - 4 scrolls of identify {unknown}
 i - a scroll of fear {unknown}
 l - a scroll of teleportation {unknown}
 n - 2 scrolls of random uselessness {unknown}
 o - a scroll of recharging {unknown}
Potions
 f - a potion of brilliance {unknown}
 k - a potion of mutation {unknown}
 m - a potion of invisibility {unknown}
 q - a potion of might {unknown}
Books
 c - a book of Changes

   Spells                             Type                      Level
   a - Beastly Appendage              Transmutation                1
   b - Sticks to Snakes               Transmutation                2
   c - Spider Form                    Transmutation/Poison         3
   d - Ice Form                       Ice/Transmutation            4
   e - Blade Hands                    Transmutation                5
Comestibles
 d - a bread ration
 j - 2 meat rations
 p - a chunk of flesh
 r - a royal jelly


   Skills:
 + Level 1.4 Fighting
 + Level 2.2 Dodging
 + Level 4.0 Unarmed Combat
 + Level 2.3 Spellcasting
 + Level 2.5 Transmutations


You had one spell level left.
You knew the following spells:

 Your Spells              Type           Power        Failure   Level  Hunger
a - Beastly Appendage     Trmt           #.....       10%         1    #......
b - Sticks to Snakes      Trmt           #.......     12%         2    ###....
c - Spider Form           Trmt/Pois      #.........   43%         3    ###....


Dungeon Overview and Level Annotations

Branches:
Dungeon (2/15)

Altars:

Annotations:
D:2 Crazy Yiuf


Innate Abilities, Weirdness & Mutations

You cannot wear boots.
Your serpentine skin is tough (AC +1).
You have supernaturally acute eyesight.
Armour fits poorly on your strangely shaped body.
Your system is resistant to poisons.
You cover ground very slowly.
You have a slow metabolism.
You can spit poison.
You have a pair of horns on your head.


Message History

Your water moccasin bites itself!
Crazy Yiuf hits you with a quarterstaff of chaos!
Crazy Yiuf burns you.
* * * LOW HITPOINT WARNING * * *
Casting: Sticks to Snakes
Confirm with . or Enter, or press ? or * to list all spells.
You grow a pair of large bovine horns.
Crazy Yiuf hits you with a quarterstaff of chaos.
* * * LOW HITPOINT WARNING * * *
Crazy Yiuf freezes you.
* * * LOW HITPOINT WARNING * * *
Crazy Yiuf whimpers, "Candle cloud eyeball!"
Crazy Yiuf grits, "Mountain sow sallow!"
Casting: Beastly Appendage
Confirm with . or Enter, or press ? or * to list all spells.
You miscast Sticks to Snakes.
You are very lightly contaminated with residual magic.
Your skin tingles.
Crazy Yiuf hits you with a quarterstaff of chaos!
You die...

#....#+ #...... #......
### ###### #......
#)).### ##....## ######.
#...'.####......# #.
#.))##).#..S....# #. ###
###.#.).g#.# #.
#######@.## #. #...# #.
#######...#############.
#.+.....................
#.#.........############
#.######....# ###.##
#....# #..((## #....#
#.#...####.####


You could see Crazy Yiuf and a friendly water moccasin (confused).

Vanquished Creatures
  2 adders (D:2)
  A gnoll (D:2)
  3 oozes (D:1)
  2 giant geckos
  5 bats (D:2)
  A giant cockroach (D:1)
  5 goblins
  7 hobgoblins
  3 jackals (D:2)
  10 kobolds
  2 giant newts (D:1)
  9 rats
50 creatures vanquished.

Notes
Turn   | Place    | Note
--------------------------------------------------------------
     0 | D:1      | mistymad the Naga Transmuter began the quest for the Orb.
     0 | D:1      | Reached XP level 1. HP: 18/18 MP: 3/3
   220 | D:1      | Reached XP level 2. HP: 22/25 MP: 5/5
   501 | D:1      | Learned a level 2 spell: Sticks to Snakes
   529 | D:1      | Reached XP level 3. HP: 31/31 MP: 4/6
  1302 | D:2      | Learned a level 3 spell: Spider Form
  1665 | D:2      | Reached XP level 4. HP: 24/38 MP: 5/7
  2475 | D:2      | Reached skill level 4 in Unarmed Combat
  2657 | D:2      | Noticed a giant frog
  2817 | D:2      | Noticed Crazy Yiuf
  2831 | D:2      | Slain by Crazy Yiuf

Skill      XL: |  1  2  3  4 |
---------------+-------------+-----
Dodging        | 2 |  2.2
Unarmed Combat | 4 |  4.0
Fighting       | |  1.4
Spellcasting   | |  2.3
Transmutations | |  2.5

Action                   |  1- 3 |  4- 6 || total
-------------------------+-------+-------++-------
Melee: Unarmed           |   128 |    77 ||   205
       Headbutt          |     9 |     4 ||    13
       Punch             |     1 |     2 ||     3
 Cast: Beastly Appendage |    23 |     8 ||    31
       Sticks to Snakes  |       |     1 ||     1
 Abil: Spit Poison       |       |     2 ||     2
 Stab: Sleeping          |     1 |       ||     1
  Eat: Chunk             |     2 |     3 ||     5
Armor: Robe              |    24 |    23 ||    47
Dodge: Dodged            |    85 |    50 ||   135
